Map: Orbital Shipyard

Players

LiquidSnute (Snute)

  • Race: Zerg Zerg
  • League: Grandmaster

MMA - Winner!

  • Race: Terran Terran

Event: Homestory Cup XII

VOD

Have the link to the VOD?

Description

Time

  • Played on: Dec. 18, 2015, 1:57 p.m.
  • Length: 24:03

All games in this series

Show
View Real Time Build Order
Export as new Build Order

LiquidSnute Zerg 

Build Orders: Hatch First 

Get SALT Encoding   

  12  0:00  Drone  
  13  0:12  Overlord  
  13  0:17  Drone  
  14  0:30  Drone x2  
  14  0:34  Drone  
  17  0:51  Hatchery  
  17  0:54  Drone  
  17  0:57  Drone  
  17  1:00  Extractor  
  17  1:12  Spawning Pool  
  17  1:15  Drone  
  17  1:19  Drone  
  18  1:28  Drone  
  19  1:38  Overlord  
  19  1:59  Queen  
  19  2:00  Zergling x2  
  22  2:02  Metabolic Boost, Zergling x2  
  22  2:03  Queen  
  22  2:07  Drone  
  26  2:12  Drone  
  26  2:14  Drone  
  28  2:21  Drone  
  29  2:25  Drone  
  30  2:32  Overlord  
  30  2:35  Queen  
  32  2:44  Drone x2  
  32  2:46  Drone  
  34  2:53  Zergling x2  
  34  2:56  Roach Warren  
  34  2:57  Queen  
  36  3:04  Zergling x4  
  38  3:08  Zergling x2  
  38  3:09  Zergling x6  
  40  3:29  Overlord x3  
  40  3:42  Roach  
  42  3:48  Roach x2  
  42  3:49  Roach x2  
  42  3:53  Roach  
  42  3:55  Drone x2  
  52  4:04  Drone x2  
  53  4:11  Drone x3  
  53  4:16  Drone  
  57  4:17  Drone  
  58  4:25  Drone  
  59  4:32  Overlord  
  59  4:34  Drone x3  
  59  4:38  Drone  
  63  4:39  Drone  
  63  4:40  Lair  
  63  4:41  Extractor  
  63  4:42  Extractor  
  63  4:43  Extractor  
  61  4:46  Queen  
  61  4:48  Overlord x2  
  61  4:52  Drone  
  64  4:53  Drone x2  
  64  4:59  Drone  
  67  5:04  Drone  
  68  5:09  Drone  
  68  5:11  Drone x3  
  68  5:12  Drone  
  73  5:23  Overlord  
  73  5:30  Evolution Chamber  
  73  5:31  Evolution Chamber, Drone x3  
  73  5:33  Overlord  
  74  5:36  Ravager  
  74  5:37  Ravager x3  
  76  5:43  Roach x4  
  76  5:53  Queen  
  78  5:57  Zerg Missile Weapons Level 1  
  78  6:09  Zerg Ground Armor Level 1  
  78  6:10  Hatchery  
  77  6:11  Infestation Pit  
  77  6:14  Roach x2  
  80  6:18  Queen  
  80  6:22  Overlord  
  80  6:24  Roach  
  90  6:27  Glial Reconstitution  
  84  6:35  Roach x3  
  90  6:41  Roach  
  92  6:52  Infestor  
  94  6:54  Drone  
  94  6:55  Drone  
  94  6:58  Drone x3  
  99  7:01  Drone  
  99  7:03  Drone x2  
  99  7:07  Drone x2  
  104  7:09  Extractor  
  104  7:13  Extractor  
  101  7:18  Overlord  
  101  7:20  Roach  
  103  7:25  Pathogen Glands  
  103  7:26  Drone x3  
  103  7:27  Drone, Queen  
  109  7:32  Queen x2  
  109  7:36  Drone x6  
  118  7:47  Drone x3  
  118  7:50  Infestor  
  122  7:52  Infestor  
  124  8:03  Queen  
  126  8:09  Roach  
  126  8:10  Roach  
  126  8:11  Overlord x2  
  110  8:15  Roach  
  110  8:16  Roach x5  
  110  8:18  Roach  
  106  8:21  Queen x2  
  106  8:23  Roach x3  
  106  8:24  Roach  
  104  8:33  Roach x8  
  116  8:43  Infestor x3  
  120  8:54  Ravager  
  120  8:55  Ravager  
  122  9:00  Hatchery  
  121  9:04  Zerg Missile Weapons Level 2  
  121  9:05  Overlord x3  
  121  9:23  Zerg Ground Armor Level 2  
  122  9:24  Hatchery  
  122  9:25  Roach  
  122  9:26  Roach x5  
  133  9:32  Ravager  
  133  9:37  Ravager  
  133  9:38  Overlord x2  
  133  9:49  Roach x9  
  137  9:55  Roach  
  137  9:56  Roach x2  
  137  9:59  Ravager  
  140  10:11  Ravager x2, Extractor  
  140  10:12  Roach  
  140  10:13  Roach x2  
  147  10:14  Extractor  
  147  10:19  Roach x4  
  154  10:23  Roach  
  154  10:27  Roach x3  
  154  10:28  Overlord  
  162  10:29  Overlord  
  162  10:33  Pneumatized Carapace  
  160  10:45  Roach x4  
  162  10:56  Roach  
  162  10:57  Roach x7  
  150  11:04  Infestor  
  152  11:19  Ravager  
  152  11:20  Ravager  
  152  11:21  Ravager  
  155  11:30  Hatchery  
  154  11:33  Roach x2  
  154  11:34  Roach x7  
  154  11:37  Ravager  
  173  11:50  Roach  
  173  11:51  Roach x4  
  155  12:06  Roach x7  
  155  12:07  Roach  
  157  12:14  Infestor x2  
  153  12:19  Ravager  
  153  12:20  Ravager x2  
  156  12:23  Infestor  
  158  12:33  Infestor  
  160  12:51  Overlord, Roach  
  160  12:52  Roach x7  
  151  13:14  Roach x2  
  151  13:15  Roach x6  
  149  13:20  Infestor  
  149  13:21  Infestor  
  149  13:25  Drone, Infestor  
  149  13:26  Infestor  
  150  13:30  Ravager  
  153  13:35  Roach x2  
  157  13:44  Infestor  
  157  13:47  Ravager  
  157  13:48  Roach x3  
  166  13:49  Roach  
  160  14:00  Roach x6  
  169  14:09  Infestor  
  173  14:24  Roach x9  
  183  14:32  Roach x2  
  183  14:33  Roach x2  
  181  14:57  Roach x7  
  193  15:00  Ravager x3  
  173  15:14  Infestor x2  
  173  15:16  Roach x2  
  185  15:23  Roach x5  
  155  15:44  Roach x9  
  150  15:53  Roach x2  
  122  16:05  Roach x4  
  122  16:08  Roach  
  122  16:09  Roach x2  
  131  16:14  Ravager x3  
  134  16:24  Roach x3  
  134  16:25  Roach x2  
  144  16:29  Roach x2  
  148  16:35  Roach x2  
  148  16:37  Roach  
  120  16:54  Roach x4  
  120  16:55  Roach x3  
  126  17:07  Ravager  
  123  17:08  Ravager  
  123  17:09  Ravager  
  123  17:12  Roach x3  
  123  17:15  Extractor  
  125  17:26  Ravager x2  
  125  17:28  Roach  
  129  17:31  Hatchery  
  129  17:33  Roach x2  
  132  17:42  Roach x4  
  134  18:02  Spore Crawler  
  134  18:05  Roach x8  
  141  18:30  Roach x6  
  153  18:37  Roach  
  153  18:39  Extractor  
  154  18:44  Hatchery, Roach  
  154  18:45  Roach  
  157  19:10  Roach  
  157  19:11  Roach x3  
  165  19:21  Roach x3  
  169  19:36  Roach  
  169  19:37  Roach x3  
  177  19:39  Overlord  
  177  19:40  Overlord x2  
  177  19:58  Roach x2  
  177  19:59  Roach x2  
  185  20:10  Roach x3  
  185  20:11  Roach  
  193  20:16  Extractor  
  188  20:39  Ravager  
  188  20:40  Ravager x2  
  191  20:44  Hatchery  
  180  20:57  Ravager x2  
  177  21:09  Roach x3  
  177  21:10  Roach x3  
  184  21:19  Ravager  
  178  21:28  Roach  
  178  21:29  Roach x3  
  173  21:39  Roach x4  
  161  21:51  Roach  
  161  21:52  Roach x4  
  157  22:06  Drone x4  
  157  22:07  Roach  
  156  22:18  Drone x3  
  156  22:19  Drone x3  
  160  22:26  Infestor  
  157  22:38  Infestor  
  159  23:00  Roach  
  159  23:01  Roach x4  
  165  23:20  Roach  
  165  23:21  Roach  
  169  23:35  Extractor x2  
  167  23:48  Hatchery  
Show
View Real Time Build Order
Export as new Build Order

MMA Terran - Winner!

Build Orders: MMM Bio 

Get SALT Encoding   

  12  0:00  SCV  
  13  0:12  SCV  
  14  0:18  Supply Depot  
  14  0:24  SCV  
  15  0:31  Refinery  
  15  0:39  SCV  
  16  0:43  Barracks  
  16  0:52  SCV  
  17  1:00  Barracks  
  17  1:05  SCV  
  18  1:17  SCV  
  19  1:21  Barracks  
  19  1:30  Reaper  
  20  1:38  Orbital Command  
  20  1:47  Reaper  
  20  1:52  Supply Depot  
  21  1:56  Refinery  
  21  2:03  Reaper  
  22  2:10  Reaper  
  22  2:14  SCV  
  24  2:19  Supply Depot  
  24  2:24  Reaper  
  24  2:26  SCV  
  26  2:38  SCV  
  27  2:44  Reaper x2  
  27  2:50  SCV  
  30  2:56  Command Center  
  30  3:00  Reaper  
  30  3:03  SCV  
  31  3:11  Supply Depot  
  31  3:16  Reaper  
  31  3:19  Reaper  
  33  3:28  SCV  
  33  3:32  Reaper  
  35  3:46  Command Center  
  35  3:48  SCV, Reaper  
  38  4:00  SCV  
  38  4:10  Orbital Command  
  38  4:13  SCV  
  39  4:18  Barracks Reactor x2  
  39  4:21  Barracks Tech Lab  
  39  4:25  SCV  
  39  4:28  Engineering Bay x2  
  39  4:40  Marine  
  39  4:41  SCV x2, Stimpack  
  42  4:53  SCV  
  42  4:54  Terran Infantry Weapons Level 1, Terran Infantry Armor Level 1  
  42  4:55  Marine x4  
  42  4:57  SCV  
  42  4:59  Orbital Command  
  48  5:05  SCV  
  50  5:09  Marine  
  50  5:10  SCV  
  50  5:13  Marine x3  
  54  5:16  Marine  
  54  5:17  SCV  
  56  5:23  SCV  
  56  5:27  SCV, Marine  
  59  5:29  SCV, Factory  
  59  5:32  Refinery x2  
  59  5:34  Marine  
  59  5:35  Marine x2  
  62  5:37  Marine  
  64  5:44  SCV x2  
  64  5:49  Marauder  
  64  5:54  Supply Depot  
  64  5:55  SCV  
  64  5:56  SCV, Marine x4  
  70  6:01  Orbital Command  
  70  6:02  Supply Depot  
  70  6:03  Supply Depot  
  69  6:09  SCV x2  
  71  6:14  Starport  
  71  6:15  Factory Reactor  
  71  6:18  Marine x2  
  71  6:19  Marine  
  71  6:20  Marine  
  71  6:25  Marauder  
  77  6:30  Armory  
  77  6:33  SCV  
  77  6:34  SCV x2  
  80  6:41  Supply Depot x2, Combat Shields  
  80  6:42  Marine x3  
  80  6:43  Marine  
  80  6:46  Marauder  
  86  6:47  SCV  
  86  6:48  SCV  
  86  6:51  SCV  
  89  6:59  Factory Tech Lab, Medivac  
  89  7:00  Medivac  
  93  7:01  SCV x2  
  93  7:03  SCV  
  93  7:05  Barracks  
  93  7:07  Barracks  
  96  7:13  SCV x2  
  98  7:15  SCV  
  98  7:16  Marine x3, Marauder  
  98  7:17  Marine  
  105  7:25  Siege Tank  
  105  7:27  SCV x2  
  105  7:29  Medivac  
  64  7:30  Medivac  
  112  7:31  Supply Depot  
  112  7:36  SCV  
  115  7:38  Refinery  
  115  7:39  SCV  
  116  7:44  Marine  
  117  7:52  Marine x2  
  117  7:53  Marauder  
  117  7:56  SCV x2  
  117  7:57  Supply Depot  
  117  7:58  Supply Depot  
  123  7:59  Supply Depot, Medivac  
  123  8:00  Concussive Shells  
  123  8:02  Barracks Tech Lab  
  123  8:03  Barracks Reactor  
  125  8:06  SCV, Marine  
  125  8:07  Medivac  
  125  8:08  SCV  
  116  8:13  Marine x2  
  107  8:20  SCV x2  
  107  8:21  Barracks  
  107  8:22  Marine  
  107  8:24  Barracks x2, Marauder  
  107  8:25  Siege Tank  
  113  8:29  Medivac  
  113  8:31  SCV  
  110  8:34  Marine x3  
  110  8:37  Medivac  
  110  8:40  Marine  
  112  8:45  Marauder  
  112  8:47  Marauder, Marine x2  
  112  8:52  Refinery, Marine x2  
  114  8:59  Command Center, Marine, Medivac  
  114  9:00  Marine  
  118  9:03  Siege Tank  
  118  9:05  Marine x2  
  118  9:07  Medivac, Marauder  
  118  9:09  Barracks Tech Lab  
  127  9:10  Barracks Reactor x2, Marine x2  
  127  9:15  Supply Depot  
  131  9:17  Marauder  
  131  9:20  Marine x2  
  131  9:23  Marine x2  
  135  9:28  Marauder  
  137  9:32  Marine  
  137  9:33  Marine  
  137  9:34  Factory  
  137  9:35  Siege Tank  
  137  9:38  Supply Depot, Marine  
  142  9:39  Supply Depot  
  142  9:40  Marine x2  
  145  9:47  Marauder  
  145  9:49  Marine x4  
  130  9:57  Marauder x2, Marine x4  
  130  9:58  Medivac x2  
  142  10:00  Terran Infantry Weapons Level 2  
  142  10:01  Terran Infantry Armor Level 2  
  142  10:07  Siege Tank, Marine x4  
  142  10:08  Marauder, Marine x2  
  153  10:18  Marauder x2  
  153  10:20  Marine x4  
  161  10:25  Marine  
  162  10:30  Marauder  
  162  10:32  Medivac  
  162  10:33  Factory Tech Lab  
  162  10:35  Marine x3  
  167  10:36  Marine  
  167  10:39  Siege Tank  
  170  10:52  Marine, Marauder x2  
  170  10:53  Marine x2  
  170  10:54  Siege Tank  
  167  11:03  Planetary Fortress  
  166  11:06  Terran Vehicle Weapons Level 1  
  166  11:09  Marauder  
  168  11:12  Marine x4  
  168  11:13  Marauder  
  168  11:17  Siege Tank  
  176  11:26  Siege Tank  
  168  11:41  Marine x2  
  168  11:42  Marauder x2, Marine x6  
  168  11:44  Marine x2  
  178  11:50  Marauder  
  178  11:54  Siege Tank  
  178  11:59  Marine x5  
  161  12:03  Marauder  
  161  12:06  Marauder, Marine x4  
  161  12:07  Marine  
  143  12:11  Marauder, Siege Tank, Medivac  
  143  12:13  Medivac  
  144  12:17  Marine x3  
  144  12:22  Marine x2  
  149  12:24  Marauder, Marine x2  
  149  12:26  Siege Tank  
  149  12:28  Marauder  
  158  12:35  Refinery  
  158  12:36  Refinery, Terran Infantry Weapons Level 3  
  158  12:43  Siege Tank, Marine x7  
  168  12:44  Marine x2  
  168  12:45  Marine  
  168  12:49  Marauder  
  168  12:51  Marauder  
  175  12:52  Medivac  
  175  12:53  Medivac  
  182  12:58  Siege Tank  
  181  13:12  Marauder x2  
  149  13:13  Marine x3  
  149  13:15  Siege Tank  
  149  13:17  Marine x2  
  149  13:18  Marine  
  149  13:19  Marine x2  
  138  13:22  Marine  
  138  13:24  Marauder  
  138  13:25  Marine  
  138  13:26  Medivac  
  138  13:27  Medivac  
  140  13:30  Siege Tank  
  140  13:31  Marine x3  
  140  13:33  Marauder x2  
  150  13:35  Marine  
  150  13:38  Marine x4  
  150  13:40  Marine  
  156  13:42  Marine  
  156  13:45  Marauder  
  156  13:47  Terran Infantry Armor Level 3  
  159  13:48  Marine  
  159  13:54  Marauder  
  162  13:56  Orbital Command  
  162  14:02  Marine x4, Marauder  
  167  14:04  Marine  
  167  14:05  Marine x2  
  167  14:07  Marauder  
  171  14:12  Sensor Tower, Marine x3  
  171  14:16  Marauder  
  176  14:20  Marine  
  176  14:23  Marauder  
  176  14:24  Marine x4  
  181  14:25  Marine  
  181  14:28  Marauder  
  183  14:32  Terran Vehicle Weapons Level 2  
  183  14:37  Marine x2, Marauder  
  183  14:38  Marine x2  
  187  14:41  Marine  
  188  14:47  Orbital Command, Marauder  
  188  14:49  Marauder  
  186  14:59  Siege Tank  
  187  15:00  Marine  
  187  15:01  Marine  
  187  15:02  Marine x2  
  187  15:03  Marine  
  187  15:04  Marauder  
  187  15:06  Marine x2  
  188  15:34  Marine x2  
  188  15:36  Marine x2  
  188  15:38  Marine x2, Marauder  
  188  15:39  Marine x2  
  188  15:40  Marine  
  188  15:41  Siege Tank x2, Marauder x2  
  188  15:42  Marine  
  152  15:52  Marine x2  
  152  15:54  Marine x2  
  152  15:56  Marine x2  
  134  15:59  Marauder  
  134  16:02  Marauder, Marine  
  134  16:03  Marauder  
  129  16:08  Marine x2  
  129  16:11  Medivac x2  
  131  16:13  Siege Tank  
  131  16:14  Siege Tank  
  137  16:20  Marine x3  
  137  16:21  Marine x3, Marauder  
  137  16:22  Marine x2  
  137  16:24  Marauder x2  
  151  16:26  Marine x2  
  153  16:38  Marine x4  
  153  16:39  Marine x2  
  159  16:40  Marine x2  
  159  16:41  Medivac x2  
  159  16:42  Marauder  
  159  16:45  Siege Tank  
  170  16:50  Marauder x2, Marine x2  
  140  16:56  Marine x4  
  140  16:57  Marine x2  
  132  17:05  Marauder, Marine x2  
  132  17:08  Marine x2  
  134  17:10  Siege Tank  
  134  17:11  Marine  
  134  17:12  Marauder  
  134  17:13  Marine  
  141  17:18  Marine x2  
  141  17:19  Marine x2  
  141  17:21  Marine  
  146  17:22  Marine x2  
  146  17:25  Marine  
  146  17:26  Marauder, Marine  
  146  17:29  Marauder  
  154  17:31  Marine  
  154  17:33  Siege Tank, Marauder  
  154  17:36  Marine x3  
  163  17:37  Marine  
  163  17:38  Marine  
  163  17:42  Siege Tank, Liberator  
  168  17:45  Liberator  
  168  17:47  Sensor Tower  
  168  17:48  Marauder  
  172  17:51  Marauder  
  172  17:52  Marine x4  
  172  17:54  Marine, Marauder  
  172  17:55  Marine  
  181  18:09  Marauder  
  183  18:22  Marauder x2, Marine  
  183  18:23  Marine  
  188  18:50  Supply Depot x2  
  188  18:56  Marine, Marauder  
  188  18:57  Marine  
  188  18:58  Marine x5  
  188  18:59  Marine x3  
  188  19:01  Siege Tank x2  
  184  19:09  Orbital Command  
  178  19:12  Marauder  
  178  19:13  Marauder  
  184  19:17  Marine x4, Marauder  
  184  19:20  Medivac  
  184  19:21  Medivac  
  184  19:23  SCV x2  
  191  19:33  Siege Tank  
  191  19:34  Marauder x2  
  191  19:35  SCV x2  
  197  19:57  Missile Turret  
  197  19:59  Missile Turret  
  197  20:02  Terran Vehicle Weapons Level 3  
  197  20:09  Missile Turret  
  194  20:14  Missile Turret  
  194  20:56  Siege Tank x2  
  200  21:05  Command Center  
  194  21:24  Marauder x2  
  194  21:25  Marine x4  
  198  21:35  Siege Tank  
  198  21:39  Sensor Tower  
  200  21:41  Command Center  
  200  21:45  Marauder x2  
  196  21:56  Marauder, Marine x2  
  196  22:01  Marine x3  
  193  22:06  Marauder  
  193  22:07  Building Armor, Hi-Sec Auto Tracking  
  194  22:14  Medivac x2  
  197  22:20  Command Center  
  197  22:21  Sensor Tower  
  186  22:37  Barracks  
  186  22:38  Ghost Academy  
  186  22:41  Barracks  
  186  22:42  Barracks x2  
  186  22:44  Medivac x2  
  189  22:53  Orbital Command  
  189  22:54  Command Center  
  189  22:56  Command Center  
  185  23:16  Ghost x3  
  185  23:17  Marine x2  
  185  23:18  Marine x8  
  196  23:25  Barracks Tech Lab  
  172  23:58  Barracks Tech Lab x2  
  174  23:59  Barracks Tech Lab  
Tags
 
Add a new tag
Caveats
  • Supply blocks, unpowered buildings, or Contaminate may cause inaccurate times.
  • Supply counts are checked every 10 seconds.